 Dungeon Crawl Stone Soup version 0.28.0-47-ge53b351184 (webtiles) character file.

Game seed: 17706900650243685642

667 101zpm the Magician (level 7, -10/45 HPs)
             Began as a Djinni Fire Elementalist on May 4, 2022.
             Killed from afar by Ijyb (14 damage)
             ... with an iceblast
             ... on level 3 of the Dungeon.
             The game lasted 00:10:36 (5800 turns).

101zpm the Magician (Djinni Fire Elementalist)      Turns: 5800, Time: 00:10:36

Health: -10/45     AC:  2    Str:  7    XL:     7   Next: 88%
Gold:   61         EV: 12    Int: 18    God:
                   SH:  0    Dex: 14

rFire   + + .      SeeInvis .   (no weapon)
rCold   x . .      Faith    .   (no shield)
rNeg    . . .      Spirit   .   a - +0 robe
rPois   ∞          Reflect  .   (no helmet)
rElec   .          Harm     .   (no cloak)
rCorr   .          Rampage  .   (no gloves)
Will    .....                   (boots unavailable)
Stlth   ++........              (no amulet)
HPRegen 0.15/turn               (no ring)
MPRegen 0.00/turn               (no ring)

@: flying
A: sickness immunity, fire resistance 2, cold vulnerability 1, float, innate
caster, HP casting, extra vitality 1
a: no special abilities


You were on level 3 of the Dungeon.
You visited 1 branch of the dungeon, and saw 4 of its levels.

You collected 61 gold pieces.

Inventory:

Armour
 a - a +0 robe (worn)
Scrolls
 d - a scroll of identify {unknown}
 e - 2 scrolls of teleportation {unknown}
 f - a scroll of summoning {unknown}
 h - a scroll of blinking {unknown}
 i - a scroll of immolation {unknown}
Potions
 b - 2 potions of heal wounds {unknown}
 g - a potion of might {unknown}
 j - a potion of mutation {unknown}


   Skills:
 + Level 0.1 Fighting
 + Level 2.5 Dodging
 + Level 3.1 Stealth
 + Level 6.1 Spellcasting


You couldn't memorise any spells.
You knew the following spells:

 Your Spells              Type           Power      Damage    Failure   Level
a - Foxfire               Conj/Fire      100%       2x1d9     1%          1
b - Scorch                Fire           54%        2d7       1%          2
c - Conjure Flame         Conj/Fire      27%        6-21      3%          3
d - Inner Flame           Hex/Fire       27%        N/A       3%          3
e - Flame Wave            Conj/Fire      27%        2d7       10%         4
f - Sandblast             Erth           54%        2d13      1%          1
g - Corpse Rot            Necr/Air       54%        N/A       1%          2
h - Passwall              Tmut/Erth      22%        N/A       1%          2
Your spell library was empty.

Dungeon Overview and Level Annotations

Branches:
Dungeon (4/15)
 Temple: D:4-7

Altars:

Annotations:
D:3 1 runed translucent door, Crazy Yiuf, Ijyb


Innate Abilities, Weirdness & Mutations

You are immune to sickness and miasma.
You are immune to poison.
Your flesh is very heat resistant. (rF++)
You are vulnerable to cold. (rC-)
You float through the air rather than walking.
You learn spells naturally, not from books.
Your magical power is your life essence.
You have superior vitality. (+4 MHP)


Message History

Ijyb the Twisted Goblin comes into view.
She is wielding a +0 club and carrying a wand of iceblast (13).
There are monsters nearby!
Casting: Foxfire (safe; 1% risk of failure)
Confirm with . or Enter, or press ? or * to list all spells.
Flames lash the jackal but do no damage.
Ijyb shouts!
Unknown command.
Casting: Scorch (safe; 1% risk of failure)
Confirm with . or Enter, or press ? or * to list all spells.
Flames lash the jackal.
You kill the jackal!
The ball python bites you. The ball python closely misses you.
The ball python barely misses you. x2
Casting: Scorch (safe; 1% risk of failure)
Confirm with . or Enter, or press ? or * to list all spells.
Flames lash the goblin.
You kill the goblin!
The ball python bites you. The ball python grabs you.
The ball python constricts you.
Casting: Scorch (safe; 1% risk of failure)
Confirm with . or Enter, or press ? or * to list all spells.
Flames lash the ball python.
You kill the ball python!
Casting: Scorch (safe; 1% risk of failure)
Confirm with . or Enter, or press ? or * to list all spells.
Flames lash the goblin.
You kill the goblin!
Ijyb zaps a wand.
The mass of ice explodes!
The iceblast engulfs you!!
You feel a painful chill!
Ouch! That really hurt!
* * * LOW HITPOINT WARNING * * *
You feel better.
Casting: Scorch (safe; 1% risk of failure)
Confirm with . or Enter, or press ? or * to list all spells.
You smell decay.
Ijyb zaps a wand.
The mass of ice explodes!
The iceblast engulfs you!
You feel a painful chill!
* * * LOW HITPOINT WARNING * * *
Ijyb zaps a wand.
The mass of ice explodes!
The iceblast engulfs you!
You feel a painful chill!
You die...

#.≈≈#########..#...#
#.≈≈#..........#...#
#...)).........#...#
#...'[.........#...#
#...'..........#.).#
##≈≈#..........#.g.#
#≈≈#########..##)'#
##≈≈≈..#...#...○..#
#≈≈≈..'...'...@..#
##≈≈..#...#......#
#################


You could see Ijyb.

Vanquished Creatures
  2 black bears (D:4)
  A phantom (D:4)
  A hound (D:4)
  2 orc priests (D:3)
  Terence (D:3)
  2 orc wizards
  Natasha (thrice) (D:2)
  2 hound skeletons (D:4)
  5 adders
  An adder skeleton (D:2)
  2 worms
  2 dart slugs (D:3)
  7 orcs
  10 ball pythons
  2 bats (D:3)
  8 endoplasms
  A giant cockroach (D:4)
  4 hobgoblins
  3 jackals (D:3)
  2 quokkas (D:3)
  A frilled lizard (D:2)
  14 goblins
  5 kobolds
81 creatures vanquished.

Vanquished Creatures (others)
  395 foxfires
  2 plants (D:2)
397 creatures vanquished.

Grand Total: 478 creatures vanquished

Notes
Turn   | Place    | Note
-------+----------+-------------------------------------------
     0 | D:1      | 101zpm the Djinni Fire Elementalist began the quest for the
                  | Orb.
     0 | D:1      | Reached XP level 1. HP: 15/15 MP: 0/0
   552 | D:2      | Reached XP level 2. HP: 14/21 MP: 0/0
   669 | D:2      | Reached skill level 3 in Spellcasting
   669 | D:2      | Reached XP level 3. HP: 16/25 MP: 0/0
   669 | D:2      | Learned a level 1 spell: Sandblast
  1302 | D:2      | Noticed Natasha
  1307 | D:2      | Killed Natasha
  1308 | D:2      | Reached XP level 4. HP: 23/31 MP: 0/0
  1315 | D:2      | Noticed Natasha
  1320 | D:2      | Killed Natasha
  1326 | D:2      | Reached XP level 5. HP: 11/35 MP: 0/0
  1326 | D:2      | Learned a level 2 spell: Corpse Rot
  1460 | D:2      | Noticed Natasha
  1466 | D:2      | Killed Natasha
  1467 | D:2      | Reached skill level 4 in Spellcasting
  1776 | D:2      | Found a faded altar of an unknown god.
  2759 | D:3      | Noticed Terence
  2766 | D:3      | Killed Terence
  3111 | D:3      | Reached XP level 6. HP: 29/40 MP: 0/0
  3221 | D:3      | Found a runed translucent door.
  3223 | D:3      | Noticed Crazy Yiuf
  4036 | D:3      | Reached skill level 5 in Spellcasting
  4396 | D:4      | Noticed a black bear
  4400 | D:4      | Killed a black bear
  4401 | D:4      | Reached XP level 7. HP: 23/45 MP: 0/0
  4401 | D:4      | Learned a level 2 spell: Passwall
  5190 | D:4      | Reached skill level 6 in Spellcasting
  5792 | D:3      | Noticed Ijyb
  5800 | D:3      | Killed from afar by Ijyb

Illustrated notes

Levels and vault maps discovered:
D:1:      evilmike_arrival_come_back, layout_basic, minmay_pentomino_x2
D:2:      layout_loops_cross, shapermc_ecumenical_altar_mp_ritualfount,
          serial_bayou_pond_e, uniq_natasha
D:3:      kennysheep_goblin_castle, layout_basic, grunt_ministairs_15,
          uniq_terence, uniq_crazy_yiuf_cottage, uniq_ijyb
D:4:      layout_rooms

Skill      XL: |  1  2  3  4  5  6  7 |
---------------+----------------------+-----
Spellcasting   | 3 4 5 6 |  6.1
Stealth        | 2 3 |  3.1
Fighting       | |  0.1
Dodging        | |  2.5

Action                   |  1- 3 |  4- 6 |  7- 9 || total
-------------------------+-------+-------+-------++-------
 Cast: Foxfire           |    65 |   140 |    33 ||   238
       Scorch            |     3 |     8 |    11 ||    22
       Inner Flame       |     1 |    32 |    17 ||    50
       Corpse Rot        |       |       |     1 ||     1
  Use: Potion            |       |       |     1 ||     1
Armor: Robe              |     1 |     2 |       ||     3
Dodge: Dodged            |     3 |     2 |     5 ||    10
